 Dungeon Crawl Stone Soup version 0.30.1-4-g462c640d31 (webtiles) character file.

Game seed: 2785279753038952200

95 Powssss the Chopper (level 4, 0/40 HPs)
             Began as a Minotaur Berserker on Aug 25, 2023.
             Was a Believer of Trog.
             Succumbed to a gnoll's poison
             ... on level 4 of the Dungeon.
             The game lasted 00:04:00 (1921 turns).

Powssss the Chopper (Minotaur Berserker)            Turns: 1921, Time: 00:04:01

Health: 0/40       AC:  6    Str: 24    XL:     4   Next: 39%
Magic:  3/3        EV: 11    Int:  4    God:    Trog [**....]
Gold:   190        SH:  3    Dex:  9    Spells: 3/3 levels left

rFire   . . .        a - +0 hand axe
rCold   . . .        f - +0 buckler
rNeg    . . .        c - +0 ring mail
rPois   .            (helmet restricted)
rElec   .            (no cloak)
rCorr   .            (no gloves)
SInv    .            k - +0 pair of boots
Will    .....        (no amulet) Stlth
                     (no ring)
HPRegen 0.26/turn    (no ring)
MPRegen 0.08/turn

%: no passive effects
@: lethally poisoned (0 -> -8)
A: horns 2, retaliatory headbutt
a: Renounce Religion, Berserk, Trog's Hand


You were on level 4 of the Dungeon.
You worshipped Trog.
Trog was pleased with you.
You visited 1 branch of the dungeon, and saw 4 of its levels.

You collected 190 gold pieces.

Inventory:

Hand Weapons
 a - a +0 hand axe (weapon)
 e - a +2 battleaxe of electrocution
Missiles
 b - 2 poisoned darts (quivered)
Armour
 c - a +0 ring mail (worn)
 f - a +0 buckler (worn)
 k - a +0 pair of boots (worn)
 o - a +0 plate armour
Jewellery
 g - a ring of protection from fire
 p - a +6 ring of dexterity
Wands
 l - a wand of flame (13)
Scrolls
 j - 2 scrolls of enchant armour {unknown}
 q - a scroll of identify {unknown}
Potions
 d - a potion of mutation {unknown}
 h - a potion of curing {unknown}
 i - 2 potions of lignification {unknown}
 m - a potion of brilliance {unknown}
 n - a potion of flight {unknown}


   Skills:
 + Level 4.2 Fighting
 + Level 4.6 Axes
 + Level 1.5 Throwing
 * Level 3.3 Armour
 - Level 2.1 Dodging
 + Level 1.4 Shields


You had 3 spell levels left.
You didn't know any spells.
Your spell library was empty.

Dungeon Overview and Level Annotations

Branches:
Dungeon (4/15)
 Temple: D:4-7

Altars:


Innate Abilities, Weirdness & Mutations

You have a pair of horns on your head.
You reflexively headbutt those who attack you in melee.


Message History

The gnoll shouts!
You hit the gnoll.
The gnoll is almost dead.
The gnoll misses you.
You closely miss the gnoll. Your headbutt misses the gnoll.
The gnoll is almost dead.
The gnoll barely misses you.
The gnoll hits you from afar with a +0 spear of venom.
You are poisoned.
You slash the gnoll!
You kill the gnoll!
Trog accepts your kill.
You feel very sick. The gnoll barely misses you.
You feel sick.
The gnoll hits you from afar with a +0 halberd.
The gnoll closely misses you.
Things that are here:
a +0 spear; a gnoll corpse You hit the gnoll.
Your headbutt misses the gnoll.
The gnoll is heavily wounded.
You feel sick.
The gnoll hits you from afar with a +0 halberd!
The gnoll hits you with a +0 spear of venom.
You are more poisoned.
You are too injured to fight recklessly!
You are too injured to fight recklessly!
You are too injured to fight recklessly!
The gnoll attacks as you move away! The gnoll hits you but does no damage.
You are lethally poisoned!
* * * LOW HITPOINT WARNING * * *
You feel very sick. The gnoll hits you but does no damage.
* * * LOW HITPOINT WARNING * * *
You feel very sick.
* * * LOW HITPOINT WARNING * * *
You feel very sick.
* * * LOW HITPOINT WARNING * * *
You feel sick.
You die...

#.# #.#
#g#######
###g.......
#......####
#. #..g.#.#
.##.##......#
..........#.#
###.##..@...#
#. ###.####
.. #.# #
##'## ##...##
#..<..#
#.......#
#.........#
+.........+


You could see 3 gnolls.

Vanquished Creatures
  A gnoll (D:4)
  4 adders
  2 dart slugs
  An orc (D:3)
  2 bats
  2 endoplasms
  5 giant cockroaches
  3 hobgoblins
  2 quokkas (D:3)
  10 ball pythons
  6 frilled lizards
  2 goblins
  4 kobolds
  2 rats
46 creatures vanquished.

Vanquished Creatures (collateral kills)
  An endoplasm (D:3)
1 creature vanquished.

Grand Total: 47 creatures vanquished

Notes
Turn   | Place    | Note
-------+----------+-------------------------------------------
     0 | D:1      | Powssss the Minotaur Berserker began the quest for the Orb.
     0 | D:1      | Reached XP level 1. HP: 19/19 MP: 0/0
   359 | D:1      | Reached XP level 2. HP: 27/27 MP: 1/1
   672 | D:2      | Identified a scroll of acquirement
   672 | D:2      | Acquired a +2 battleaxe of electrocution
  1071 | D:2      | Reached skill level 1 in Throwing
  1071 | D:2      | Reached XP level 3. HP: 33/33 MP: 2/2
  1090 | D:2      | Reached skill level 1 in Shields
  1297 | D:3      | Reached ** piety under Trog
  1476 | D:3      | Reached XP level 4. HP: 38/40 MP: 3/3
  1920 | D:4      | HP: 2/40 [poisoned by a gnoll]
  1921 | D:4      | Succumbed to a gnoll's poison

Illustrated notes

Levels and vault maps discovered:
D:1:      dpeg_arrival_circle_labyrinth_c, layout_basic
D:2:      layout_basic, minmay_octomino_j4
D:3:      layout_basic
D:4:      minmay_octagon_keep, layout_loops_corners, marbit_many_paths,
          minmay_temple_entry_junction_2, minmay_starry_boxes

Skill      XL: |  1  2  3 |
---------------+----------+-----
Axes           | 4 |  4.6
Throwing       | 1 |  1.5
Armour         | 3 |  3.3
Shields        | 1 |  1.4
Fighting       | 4 |  4.2
Dodging        | |  2.1

Action                     |  1- 3 |  4- 6 || total
---------------------------+-------+-------++-------
  Melee: Hand axe          |    93 |    21 ||   114
         Headbutt          |     2 |     3 ||     5
    Use: Scroll            |     3 |       ||     3
 Armour: Ring mail         |    46 |     4 ||    50
  Dodge: Dodged            |    55 |    18 ||    73
  Block: Buckler           |    12 |       ||    12
